 Dungeon Crawl Stone Soup version 0.28.0-53-g5a82cb258f (webtiles) character file.

Game seed: 9919919642432735176

50 DildoBatman the Conjurer (level 4, -3/32 HPs)
             Began as a Formicid Conjurer on July 17, 2022.
             Slain by a gnoll
             ... wielding a +0 spear
              (8 damage)
             ... on level 3 of the Dungeon.
             The game lasted 00:03:12 (1196 turns).

DildoBatman the Conjurer (Formicid Conjurer)        Turns: 1196, Time: 00:03:13

Health: -3/32      AC:  2    Str: 12    XL:     4   Next: 4%
Magic:  6/8        EV: 12    Int: 17    God:
Gold:   58         SH:  0    Dex: 11    Spells: 5/8 levels left

rFire   . . .      SeeInvis +   j - +0 quarterstaff
rCold   . . .      Faith    .   (no shield)
rNeg    . . .      Spirit   .   a - +0 robe
rPois   .          Reflect  .   (helmet unavailable)
rElec   .          Harm     .   (no cloak)
rCorr   .          Rampage  .   (no gloves)
Will    .....                   (no boots)
Stlth   ++........              (no amulet)
HPRegen 0.10/turn               (no ring)
MPRegen 0.11/turn               (no ring)

@: no status effects
A: permanent stasis, dig shafts and tunnels, antennae 3, four strong arms
a: Dig, Shaft Self


You were on level 3 of the Dungeon.
You visited 1 branch of the dungeon, and saw 3 of its levels.

You collected 58 gold pieces.

Inventory:

Hand Weapons
 c - a +0 short sword
 h - a +0 mace
 j - a +0 quarterstaff (weapon)
Missiles
 b - 16 bolts
 e - 55 stones (quivered)
Armour
 a - a +0 robe (worn)
Scrolls
 d - a scroll of noise {unknown}
 g - a scroll of enchant armour {unknown}
 i - a scroll of identify {unknown}
 k - a scroll of amnesia {unknown}
Potions
 f - a potion of brilliance {unknown}


   Skills:
 * Level 1.4 Fighting
 * Level 1.4 Armour
 - Level 2.0 Dodging
 - Level 2.4 Stealth
 * Level 2.7 Spellcasting
 * Level 3.9 Conjurations


You had 5 spell levels left.
You knew the following spells:

 Your Spells              Type           Power      Damage    Failure   Level
a - Searing Ray           Conj           30%        2d5       5%          2
c - Magic Dart            Conj           60%        1d6       3%          1

Your spell library contained the following spells:

 Spells                   Type           Power      Damage    Failure   Level
 Dazzling Flash           Conj/Hex       18%        N/A       24%         3
 Fulminant Prism          Conj/Hex       4%         3d6       61%         4
 Iskenderun's Mystic Bla  Conj/Tloc      9%         2d4       61%         4


Dungeon Overview and Level Annotations

Branches:
Dungeon (2/15)

Altars:


Innate Abilities, Weirdness & Mutations

You cannot be hasted, slowed, berserked, paralysed or teleported.
You can dig through walls and to a lower floor.
You have a pair of large antennae on your head. (SInv)
Your four strong arms can wield two-handed weapons with a shield.


Message History

g - Guard the area. f - Follow me.
Anything else - Cancel.
You shout for attention!
The gnoll barely misses you. The quokka barely misses you.
The hobgoblin barely misses you. x2
The hobgoblin hits you but does no damage.
What are your orders? t - Shout!
Orders for allies: a - Attack new target. r - Retreat! s - Stop attacking. g - Guard the area. f - Follow me.
Anything else - Cancel.
You shout for attention!
The gnoll closely misses you. The quokka closely misses you.
The hobgoblin hits you. The hobgoblin closely misses you. x2
What are your orders? t - Shout!
Orders for allies: a - Attack new target. r - Retreat! s - Stop attacking. g - Guard the area. f - Follow me.
Anything else - Cancel.
You shout for attention!
The quokka misses you.
The gnoll hits you from afar with a +0 spear!
The hobgoblin hits you. The hobgoblin barely misses you.
The hobgoblin hits you. What are your orders? t - Shout!
Orders for allies: a - Attack new target. r - Retreat! s - Stop attacking. g - Guard the area. f - Follow me.
Anything else - Cancel.
You shout for attention!
The quokka bites you.
The gnoll hits you from afar with a +0 spear!
You die...

#.# #.# #.# #
####.#####.♣
#........P.≈
#........≈..
#...gg..P≈≈≈
#...@gJ..≈≈≈
#....rg..≈P≈
#.........≈≈
.>.......♣≈.≈
..####.####.≈≈≈
# .. ..≈≈ ##
.P≈ .♣


You could see a gnoll, an endoplasm, a quokka and 3 hobgoblins.

Vanquished Creatures
  A gnoll (D:1)
  A dart slug (D:2)
  9 ball pythons
  3 endoplasms
  A giant cockroach (D:1)
  A goblin (D:1)
  2 hobgoblins
  5 jackals (D:1)
  4 quokkas
  A bat (D:1)
  A frilled lizard (D:2)
  4 kobolds (D:1)
  3 rats (D:1)
36 creatures vanquished.

Notes
Turn   | Place    | Note
-------+----------+-------------------------------------------
     0 | D:1      | DildoBatman the Formicid Conjurer began the quest for the
                  | Orb.
     0 | D:1      | Reached XP level 1. HP: 13/13 MP: 3/3
   239 | D:1      | Reached XP level 2. HP: 14/20 MP: 3/5
   242 | D:1      | Learned a level 2 spell: Searing Ray
   528 | D:1      | Reached skill level 1 in Armour
   528 | D:1      | Reached XP level 3. HP: 16/25 MP: 2/6
   546 | D:1      | Reached skill level 1 in Fighting
  1178 | D:2      | Reached XP level 4. HP: 31/32 MP: 4/8
  1180 | D:2      | You fall into a shaft and drop 1 floor!
  1196 | D:3      | Slain by a gnoll

Illustrated notes

Levels and vault maps discovered:
D:1:      onia_arrival_pyramid, layout_loops_cross,
          chequers_serial_rivers_micro_d
D:2:      layout_basic
D:3:      layout_loops_ring, mainiacjoe_overflow_boulevard, serial_shops,
          nicolae_shop_waterfront, serial_bayou_pond_b, due_unseen_surprise

Skill      XL: |  1  2  3 |
---------------+----------+-----
Dodging        | 2 |  2.0
Armour         | 1 |  1.4
Fighting       | 1 |  1.4
Stealth        | |  2.4
Spellcasting   | |  2.7
Conjurations   | |  3.9

Action                   |  1- 3 |  4- 6 || total
-------------------------+-------+-------++-------
Melee: Short sword       |    14 |       ||    14
       Mace              |     7 |       ||     7
       Quarterstaff      |     7 |       ||     7
       Punch             |     1 |       ||     1
 Cast: Magic Dart        |    31 |       ||    31
       Searing Ray       |     8 |       ||     8
 Abil: Shaft Self        |       |     1 ||     1
 Stab: Sleeping          |     1 |       ||     1
Armor: Robe              |     3 |     3 ||     6
Dodge: Dodged            |    21 |    22 ||    43
